 Dungeon Crawl Stone Soup version 0.21.1-1-g345015f (webtiles) character file.

25 Iko the Stinger (level 3, -5/21 HPs)
             Began as an Octopode Venom Mage on June 9, 2018.
             Was an Initiate of Okawaru.
             Slain by Iko's ghost (8 damage)
             ... on level 4 of the Dungeon.
             The game lasted 00:06:18 (448 turns).

Iko the Stinger (Octopode Venom Mage)                Turns: 448, Time: 00:06:19

Health: -5/21      AC:  1    Str:  8    XL:     3   Next: 4%
Magic:  6/6        EV: 12    Int: 17    God:    Okawaru [......]
Gold:   12         SH:  3    Dex: 12    Spells: 3/6 levels left

rFire    . . .     SeeInvis .   d - +0 hand axe
rCold    . . .     Gourm    .   e - +0 buckler
rNeg     + . .     Faith    .   (helmet restricted)
rPois    .         Spirit   .   (no amulet)
rElec    .         Reflect  .   c - ring of positive energy
rCorr    .         Harm     .   (no ring)
MR       .....                  (no ring)
Stlth    +++.......             (no ring)
HPRegen  0.07/turn              (no ring)
MPRegen  0.10/turn              (no ring)
                                (no ring)
                                (no ring)

@: no status effects
A: almost no armour, stealthy swim, amphibious, 8 rings, constrict 8, camouflage
1, gelatinous body 1
a: Renounce Religion


You were on level 4 of the Dungeon.
You worshipped Okawaru.
Okawaru was noncommittal.
You were not hungry.

You visited 1 branch of the dungeon, and saw 4 of its levels.

You collected 12 gold pieces.

Inventory:

Hand Weapons
 d - a +0 hand axe (weapon)
Armour
 e - a +0 buckler (worn)
Jewellery
 c - a ring of positive energy (left tentacle)
Scrolls
 f - a scroll of identify
Books
 a - a Young Poisoner's Handbook

   Spells                             Type                      Level
   a - Sting                          Conjuration/Poison           1
   b - Poisonous Vapours              Poison/Air                   2
   c - Mephitic Cloud                 Conjuration/Poison/Air       3
   d - Olgreb's Toxic Radiance        Poison                       4
   e - Venom Bolt                     Conjuration/Poison           5
Comestibles
 b - 2 rations


   Skills:
 + Level 2.1 Dodging
 + Level 2.8 Stealth
 + Level 2.2 Spellcasting
 + Level 1.2 Conjurations
 + Level 4.4 Poison Magic


You had 3 spell levels left.
You knew the following spells:

 Your Spells              Type           Power        Failure   Level  Hunger
a - Sting                 Conj/Pois      ##..         10%         1    #......
b - Poisonous Vapours     Pois/Air       #.....       19%         2    ###....


Dungeon Overview and Level Annotations

Branches:
Dungeon (4/15)
 Temple: D:4-7

Altars:
Okawaru

Annotations:
D:4 Iko's ghost, amateur MfWn


Innate Abilities, Weirdness & Mutations

You cannot wear most types of armour.
You are very stealthy in the water. (Stealth+)
You are amphibious.
You can wear up to eight rings at the same time.
You can use your tentacles to constrict eight enemies at once.
Your skin changes colour to match your surroundings (Stealth+).
Your rubbery body absorbs attacks. (AC +1, EV +1)


Message History

Casting: Poisonous Vapours
Confirm with . or Enter, or press ? or * to list all spells.
Aiming: Poisonous Vapours
Press: ? - help, Dir - move target cursor, f/p - Iko's ghost
Aim: Iko's ghost But poisonous vapours would do no harm to Iko's ghost!
Iko's ghost hits you!
You hit Iko's ghost but do no damage. You block Iko's ghost's attack.
Iko's ghost misses you.
You hit Iko's ghost but do no damage.
You squeeze Iko's ghost, but do no damage.
Iko's ghost closely misses you.
You hit Iko's ghost but do no damage. Iko's ghost hits you.
You hit Iko's ghost but do no damage.
You squeeze Iko's ghost, but do no damage.
Iko's ghost shrieks, "They lied to you.
The Dungeon just goes down and down forever."
Iko's ghost hits you. x2
* * * LOW HITPOINT WARNING * * *
You barely miss Iko's ghost. Iko's ghost hits you!
You die...

######..##
###.........
#...........
#...........
##............
#..............
#..............# .
##.............#
..###.@...........#
......W............#
...##..............#
. ###............#
##...........#
##.........#
###...)...#
##.....<# ##...###


You could see Iko's ghost.

Vanquished Creatures
  2 adders
  2 goblins
  2 kobolds (D:3)
  A quokka (D:3)
  A frilled lizard (D:3)
8 creatures vanquished.

Notes
Turn   | Place    | Note
-------+----------+-------------------------------------------
     0 | D:1      | Iko the Octopode Venom Mage began the quest for the Orb.
     0 | D:1      | Reached XP level 1. HP: 11/11 MP: 3/3
   168 | D:2      | Reached skill level 4 in Poison Magic
   168 | D:2      | Reached XP level 2. HP: 13/17 MP: 0/5
   229 | D:3      | Learned a level 2 spell: Poisonous Vapours
   280 | D:3      | Found an iron altar of Okawaru.
   294 | D:3      | Became a worshipper of Warmaster Okawaru
   300 | D:3      | Reached XP level 3. HP: 18/21 MP: 3/6
   441 | D:4      | Noticed Iko's ghost (amateur MfWn)
   448 | D:4      | Slain by Iko's ghost

Skill      XL: |  1 |
---------------+----+-----
Poison Magic   | 4 |  4.4
Dodging        | |  2.1
Stealth        | |  2.8
Spellcasting   | |  2.2
Conjurations   | |  1.2

Action                   || total
-------------------------++-------
Melee: Dagger            ||     3
       Hand axe          ||     9
       Tentacles         ||     2
 Cast: Sting             ||    17
  Use: Scroll            ||     3
       Potion            ||     3
Dodge: Dodged            ||    11
Block: Buckler           ||     1
